 Dungeon Crawl Stone Soup version 0.26.1-2-gb8aa6d0cf2 (webtiles) character file.

Game seed: 11547793982513017839

1819 Riddle the Skirmisher (level 8, -4/65 HPs)
             Began as a Demonspawn Fighter on Mar 21, 2021.
             Was an Initiate of Ru.
             Slain by a big kobold
             ... wielding a +0 whip of electrocution
              (19 damage)
             ... on level 7 of the Dungeon.
             The game lasted 00:08:35 (7341 turns).

Riddle the Skirmisher (Demonspawn Fighter)          Turns: 7341, Time: 00:08:35

Health: -4/65      AC: 13    Str: 18 (21) XL:     8   Next: 85%
Magic:  8/8        EV:  5    Int:  9 (10) God:    Ru [......]
Gold:   576        SH: 15    Dex: 11 (12) Spells: 7/7 levels left

rFire    + . .     SeeInvis .   w - +2 falchion (vorpal)
rCold    . . .     Faith    .   c - +0 kite shield
rNeg     . . .     Spirit   .   n - +0 plate armour
rPois    .         Reflect  +   (no helmet)
rElec    .         Harm     .   (no cloak)
rCorr    +         Rampage  .   y - +0 pair of gloves
Will     .....                  (no boots)
Stlth    ..........             B - amulet of reflection
HPRegen  0.20/turn              b - ring of resist corrosion
MPRegen  0.11/turn              (no ring)

@: no status effects
A: hooves 1, fire resistance 1, powered by death 1, strong 1, MP-powered wands,
sturdy frame 1
a: Renounce Religion


You were on level 7 of the Dungeon.
You worshipped Ru.
Ru was noncommittal.
You visited 2 branches of the dungeon, and saw 8 of its levels.

You collected 576 gold pieces.

Inventory:

Hand Weapons
 w - a +2 vorpal falchion (weapon)
Armour
 c - a +0 kite shield (worn)
 j - a +0 helmet
 n - a +0 plate armour (worn)
 y - a +0 pair of gloves (worn)
Jewellery
 a - an uncursed amulet of regeneration {unknown}
 b - a ring of resist corrosion (left hand)
 B - an amulet of reflection (around neck)
Wands
 r - a wand of flame (15)
 A - a wand of paralysis (4)
Scrolls
 e - 2 scrolls of fog
 f - 3 scrolls of remove curse
 k - 2 scrolls of teleportation
 l - 3 scrolls of immolation {unknown}
 p - 3 scrolls of enchant armour {unknown}
 t - a scroll of identify
 u - 2 scrolls of amnesia {unknown}
 v - a scroll of fear {unknown}
 x - 2 scrolls of enchant weapon {unknown}
 D - a scroll of magic mapping {unknown}
Potions
 d - 2 potions of might
 g - 2 potions of lignification
 h - a potion of brilliance
 i - a potion of mutation
 m - a potion of attraction
 o - a potion of heal wounds
 q - a potion of berserk rage
 s - a potion of magic {unknown}
 C - a potion of flight {unknown}


   Skills:
 + Level 6.4 Fighting
 + Level 5.5 Long Blades
 + Level 5.8 Armour
 + Level 5.9 Shields


You had 7 spell levels left.
You didn't know any spells.
Your spell library contained the following spells:

 Spells                   Type           Power        Failure   Level
 Animate Skeleton         Necr           0%           100%        1
 Apportation              Tloc           0%           100%        1
 Corona                   Hex            0%           100%        1
 Shock                    Conj/Air       0%           100%        1
 Summon Small Mammal      Summ           0%           100%        1
 Swiftness                Air            0%           100%        2
 Static Discharge         Conj/Air       0%           100%        3
 Airstrike                Air            0%           100%        4
 Lightning Bolt           Conj/Air       0%           100%        5


Dungeon Overview and Level Annotations

Branches:
Dungeon (7/15)             Temple (1/1) D:4

Altars:
Ashenzari
Cheibriados
Dithmenos
Fedhas
Gozag
Kikubaaqudgha
Makhleb
Nemelex Xobeh
Okawaru
Qazlal
Ru
Sif Muna
Trog
Vehumet
Xom
Yredelemnul
Zin
The Shining One

Shops:
D:4 =


Innate Abilities, Weirdness & Mutations

You have large cloven feet.
You regenerate a little health from kills.
Your movements are slightly less encumbered by armour. (ER -2)
Your flesh is heat resistant. (rF+)
Your muscles are strong. (Str +2)
You expend magic power (3 MP) to strengthen your wands.


Message History

The big kobold is moderately wounded.
You block the kobold's attack. You block the big kobold's attack.
The kobold hits you but does no damage. The iguana barely misses you.
You riposte.
You hit the iguana. You kick the iguana, but do no damage.
The iguana is moderately wounded.
Unknown command.
Unknown command.
Unknown command.
Unknown command.
Unknown command.
Unknown command.
Unknown command.
Unknown command.
Unknown command.
You closely miss the big kobold. Your kick misses the big kobold.
The big kobold is moderately wounded.
You block the kobold's attack.
The big kobold hits you but does no damage.
You are electrocuted!!
You die...

######## ## #......###
###. #........# ###...
#........# #...##
######K...._..### #.###♣
....('K@..)..(..###.#♣♣.
####.#lK......#.##..#♣..
#...##......#..#..#♣..
#... #......##....#♣..
#.. ..../...##...(#♣..
#...........###...♣#♣⌠
................#..♣#♣
.#?.....###.###..#♣..♣
##.# ♣...


You could see a big kobold, an iguana and 2 kobolds.

Vanquished Creatures
  A black bear (D:7)
  The ghost of Azunone the Skirmisher, an amateur GnWn (D:4)
  4 ogres
  A centaur (D:6)
  A scorpion (D:4)
  A howler monkey (D:5)
  3 centaur zombies
  3 bullfrog zombies
  2 jellies (D:6)
  Crazy Yiuf (D:5)
  4 hounds
  2 bullfrog skeletons
  3 orc priests (D:6)
  4 orc wizards
  3 centaur skeletons
  An iguana (D:6)
  3 worker ants
  A hound zombie (D:4)
  3 worker ant zombies (D:4)
  8 adders
  A white imp (D:7)
  2 ufetubi
  2 oozes
  5 adder skeletons
  An adder zombie (D:4)
  2 worms (D:2)
  2 dart slugs
  4 leopard geckos
  19 orcs
  3 bats
  8 giant cockroaches
  7 goblins
  5 hobgoblins
  11 jackals
  5 kobolds
  3 quokkas
  A ball python zombie (D:4)
  5 frilled lizards
  A jackal zombie (D:4)
  2 leopard gecko zombies
  2 quokka skeletons
  7 rats
148 creatures vanquished.

Vanquished Creatures (others)
  An orc (D:3)
  3 plants (D:1)
  5 withered plants (D:4)
9 creatures vanquished.

Grand Total: 157 creatures vanquished

Notes
Turn   | Place    | Note
-------+----------+-------------------------------------------
     0 | D:1      | Riddle the Demonspawn Fighter began the quest for the Orb.
     0 | D:1      | Reached XP level 1. HP: 18/18 MP: 1/1
   247 | D:1      | Gained mutation: You regenerate a little health from kills.
                  | [demonic ancestry]
   247 | D:1      | Reached XP level 2. HP: 24/24 MP: 2/2
  1176 | D:2      | Reached XP level 3. HP: 29/29 MP: 3/3
  1732 | D:2      | Found a sparkling altar of Nemelex Xobeh.
  1802 | D:2      | Reached XP level 4. HP: 35/35 MP: 4/4
  3480 | D:4      | Gained mutation: Your movements are slightly less
                  | encumbered by armour. (ER -2) [demonic ancestry]
  3480 | D:4      | Reached XP level 5. HP: 24/42 MP: 3/5
  3564 | D:4      | Found a staircase to the Ecumenical Temple.
  3575 | D:4      | Noticed an ogre
  3831 | D:3      | Reached skill level 4 in Fighting
  3947 | D:4      | Killed an ogre
  3948 | D:4      | Reached XP level 6. HP: 13/49 MP: 1/6
  4200 | D:4      | Found a snail-covered altar of Cheibriados.
  4257 | D:4      | Found a transporter.
  4338 | D:4      | Gained mutation: You have large cloven feet. [demonic
                  | ancestry]
  4338 | D:4      | Reached XP level 7. HP: 51/55 MP: 7/7
  4352 | D:4      | Found Sughydgh's Jewellery Emporium.
  4415 | D:4      | Found a transporter.
  4415 | D:4      | Noticed Azunone's ghost (amateur GnWn)
  4669 | D:5      | Entered Level 5 of the Dungeon
  4827 | D:5      | Reached skill level 5 in Fighting
  4838 | D:5      | Found a blossoming altar of Fedhas.
  4884 | D:5      | Got a distressingly furry scale mail
  4888 | D:5      | Identified the +2 scale mail of Unaxke {-Cast Int+7 Dex+2}
                  | (You found it on level 5 of the Dungeon)
  5351 | D:5      | Found a runed translucent door.
  5352 | D:5      | Noticed Crazy Yiuf
  5412 | D:5      | Killed Crazy Yiuf
  5420 | D:5      | Got a crystal mace
  5421 | D:5      | Identified the +9 mace "Guteocoa" {flame, rElec rPois} (You
                  | found it on level 5 of the Dungeon)
  5538 | Temple   | Entered the Ecumenical Temple
  5805 | Temple   | Became a worshipper of Ru the Awakened
  5896 | D:4      | Killed Azunone's ghost
  5902 | D:4      | Reached skill level 5 in Shields
  5908 | D:4      | Reached skill level 5 in Armour
  5908 | D:4      | Reached XP level 8. HP: 54/63 MP: 8/8
  6306 | D:6      | Reached skill level 5 in Long Blades
  6351 | D:6      | Reached skill level 6 in Fighting
  6947 | D:6      | Gained mutation: You have a pair of small antennae on your
                  | head. [potion of mutation]
  6947 | D:6      | Gained mutation: You have hoof-like feet. [potion of
                  | mutation]
  7044 | D:6      | Lost mutation: You have a pair of small antennae on your
                  | head. [potion of mutation]
  7044 | D:6      | Lost mutation: You have hoof-like feet. [potion of
                  | mutation]
  7044 | D:6      | Gained mutation: You expend magic power (3 MP) to
                  | strengthen your wands. [potion of mutation]
  7044 | D:6      | Gained mutation: Your flesh is heat resistant. (rF+)
                  | [potion of mutation]
  7044 | D:6      | Gained mutation: Your muscles are strong. (Str +2) [potion
                  | of mutation]
  7156 | D:7      | Found an opulent altar of Gozag.
  7173 | D:7      | Found the +9 staff of Wucad Mu {*channel}
  7262 | D:7      | Found a basalt altar of Yredelemnul.
  7315 | D:7      | Found a broken altar of Ashenzari.
  7341 | D:7      | Slain by a big kobold

Illustrated notes

Levels and vault maps discovered:
D:1:      co_arrival_square_in_a_square_in_a_square, layout_basic,
          minmay_misc_feat_plants, chequers_big_river, minmay_tetromino_s2
D:2:      layout_loops_cross, nemelex_spade_bored_becter
D:3:      layout_basic, roderic_lattice_a
D:4:      layout_cave_pools, kennysheep_slug_shrine,
          minmay_temple_entry_mini_moons, serial_shops, shop_coins,
          serial_undead, serial_undead_c, serial_undead_a, serial_undead_b,
          serial_undead_b, gammafunk_ghost_mausoleum
D:5:      layout_loops_cross, old_standard_altar, uniq_crazy_yiuf_cottage
D:6:      layout_basic, water_maze_lemuel
D:7:      layout_basic, kennysheep_ying_yang, basic_altar,
          grunt_gozag_breadcrumbs
Temple:   minmay_temple_curvy_branch

Skill      XL: |  1  2  3  4  5  6  7  8 |
---------------+-------------------------+-----
Long Blades    | 2 3 4 5 |  5.5
Armour         | 3 4 5 |  5.8
Shields        | 3 4 5 |  5.9
Fighting       | 4 5 6 |  6.4

Action                   |  1- 3 |  4- 6 |  7- 9 || total
-------------------------+-------+-------+-------++-------
Melee: Long sword        |   107 |   113 |       ||   220
       Falchion          |       |    84 |   259 ||   343
       Kick              |       |       |    82 ||    82
  Use: Scroll            |       |       |     7 ||     7
       Potion            |       |       |     6 ||     6
Armor: Scale mail        |    26 |       |       ||    26
       Plate armour      |    22 |   258 |   132 ||   412
Dodge: Dodged            |    18 |    52 |    37 ||   107
Block: Kite shield       |    60 |   164 |   169 ||   393
       Reflection        |       |       |     7 ||     7
       Rpst.: Long sword |     9 |     9 |       ||    18
       Falchion          |       |     7 |    15 ||    22
